 Dungeon Crawl Stone Soup version 0.32-a0-543-gefe97123c3 (webtiles) character file.

Game seed: 652447191689483362

3514 GordonOverkill the Cleaver (level 10, -3/114 HPs)
             Began as a Coglin Delver on Feb 29, 2024.
             Was a Follower of Trog.
             Slain by Joseph
             ... wielding a +0 quarterstaff
              (15 damage)
             ... on level 7 of the Dungeon.
             The game lasted 00:13:11 (7711 turns).

GordonOverkill the Cleaver (Coglin Delver)          Turns: 7711, Time: 00:13:12

Health: -3/114     AC: 12    Str: 16    XL:     10   Next: 8%
Magic:  10/10      EV:  4    Int: 10    God:    Trog [*.....]
Gold:   400        SH:  0    Dex: 16    Spells: 9/9 levels left

rFire   . . .        a - +0 hand axe {Charoen}
rCold   . . .        x - +4 whip {Sofian}
rNeg    . . .        K - +0 plate armour
rPois   .            t - +0 helmet
rElec   .            F - scarf {+Inv}
rCorr   .            (no gloves)
SInv    .            r - +0 pair of boots
Will    .....        j - amulet of faith Stlth
                     (ring unavailable)
HPRegen 0.39/turn    (ring unavailable)
MPRegen 0.12/turn

%: faith
@: berserking, revving, very quick
A: off-hand wielding, slow wielding, warmup strikes, no rings
a: Renounce Religion, Evoke Invisibility, Berserk


You were on level 7 of the Dungeon.
You worshipped Trog.
Trog was aware of your devotion.
You visited 2 branches of the dungeon, and saw 8 of its levels.

You collected 400 gold pieces.

Inventory:

Hand Weapons
 a - a +0 hand axe (weapon) {Charoen}
 v - a +0 hand axe {Suchat}
 x - a +4 whip (offhand) {Sofian}
Missiles
 o - 3 silver javelins (quivered)
 s - 2 throwing nets
 E - 12 poisoned darts
Armour
 r - a +0 pair of boots (worn)
 t - a +0 helmet (worn)
 F - a scarf of invisibility (worn)
 K - a +0 plate armour (worn)
Jewellery
 j - an amulet of faith (around neck)
 L - an amulet of guardian spirit
Wands
 g - a wand of digging (8)
 h - a wand of flame (57)
 y - a wand of iceblast (7)
Scrolls
 b - a scroll of amnesia
 c - 4 scrolls of fog
 d - a scroll of revelation
 e - 2 scrolls of fear
 k - a scroll of immolation {unknown}
 q - 3 scrolls of vulnerability {unknown}
 u - a scroll of enchant weapon {unknown}
 w - a scroll of poison
 z - a scroll of blinking
 B - a scroll of acquirement {unknown}
 C - 3 scrolls of teleportation
 D - a scroll of noise {unknown}
 I - a scroll of enchant armour {unknown}
Potions
 f - a potion of haste
 i - a potion of heal wounds
 l - 3 potions of mutation
 m - 3 potions of enlightenment {unknown}
 n - 3 potions of attraction {unknown}
 p - 2 potions of lignification {unknown}
 A - 2 potions of curing
 G - a potion of berserk rage {unknown}
 H - a potion of might {unknown}
 J - a potion of degeneration {unknown}


   Skills:
 - Level 6.0 Fighting
 + Level 10.8 Axes
 - Level 1.7 Dodging
 - Level 4.1 Stealth
 - Level 10.0 Evocations


You had 9 spell levels left.
You didn't know any spells.
Your spell library contained the following spells:

 Spells                   Type           Power      Damage    Failure   Level
 Static Discharge         Conj/Air       0%         3-3/arc   100%        2
 Dazzling Flash           Conj/Hex       0%         N/A       100%        3
 Inner Flame              Hex/Fire       0%         N/A       100%        3
 Volatile Blastmotes      Fire/Tloc      0%         2d10      100%        3
 Airstrike                Air            0%         2d(0-16)  100%        4
 Flame Wave               Conj/Fire      0%         2d4       100%        4
 Sticky Flame             Fire/Alch      0%         2d4       100%        4
 Summon Lightning Spire   Summ/Air       0%         N/A       100%        4
 Starburst                Conj/Fire      0%         6d3       100%        6
 Maxwell's Capacitive Co  Air            0%         ∞         100%        8


Dungeon Overview and Level Annotations

Branches:
Dungeon (7/15)             Temple (1/1) D:5

Altars:
Ashenzari
Cheibriados
Dithmenos
Elyvilon
Fedhas
Gozag
Hepliaklqana
Kikubaaqudgha
Makhleb
Nemelex Xobeh
Okawaru
Qazlal
Ru
Sif Muna
Trog
Uskayaw
Vehumet
Wu Jian
Xom
Yredelemnul
The Shining One

Shops:
D:1 =   D:7 *

Annotations:
D:7 Joseph


Innate Abilities, Weirdness & Mutations

You can wield a second weapon in your off-hand.
It takes a long time for you to wield or remove held weapons.
Your first few attacks do less damage.
Your grasper-arms cannot wear rings.


Message History

Things that are here:
a +0 sling; a +0 hand axe; 5 stones You see here a killer bee corpse.
Joseph, a Mercenary comes into view.
He is wielding a +0 quarterstaff and carrying a wand of flame.
Found a scroll of teleportation.
Joseph shouts!
Joseph unwields a +0 quarterstaff.
Joseph wields a +0 sling.
Joseph shoots a sling bullet.
The sling bullet hits you!
Joseph is nearby!
Joseph is nearby!
Found 17 gold pieces.
Joseph shoots a sling bullet.
The sling bullet hits you!!
* * * LOW HITPOINT WARNING * * *
Joseph shoots a sling bullet.
The sling bullet hits you!
* * * LOW HITPOINT WARNING * * *
Joseph shoots a sling bullet.
The sling bullet hits you!
* * * LOW HITPOINT WARNING * * *
A red film seems to cover your vision as you go berserk!
You feel yourself moving faster!
You feel mighty!
Joseph shoots a sling bullet.
The sling bullet barely misses you.
You feel a strong urge to attack something.
Joseph shoots a sling bullet.
The sling bullet hits you!
* * * LOW HITPOINT WARNING * * *
Joseph unwields a +0 sling.
Joseph wields a +0 quarterstaff.
Joseph hits you with a +0 quarterstaff.
* * * LOW HITPOINT WARNING * * *
You hit Joseph with your +0 hand axe.
Joseph is lightly wounded.
You whack Joseph with your +4 whip! You whack Joseph with your +4 whip!
Joseph is heavily wounded.
You slash Joseph with your +0 hand axe! Joseph hits you with a +0 quarterstaff!
* * * LOW HITPOINT WARNING * * *
You whack Joseph with your +4 whip!
Joseph is severely wounded.
You closely miss Joseph with your +0 hand axe.
You barely miss Joseph with your +0 hand axe.
Joseph is severely wounded.
You whack Joseph with your +4 whip! Joseph hits you with a +0 quarterstaff!
You die...

.....##.# ...####.# #..
#.......# #.# #########
#.# ## #.# .# #.# .# #.#
######### .#
#######.####.......#
.####...........@?.....#
......###########@$....#
......# ......# ......#
......# .####.# ......#
.# #.# ......# .# ###
####### .# ##


You could see Joseph.

Vanquished Creatures
  Grinder (D:6)
  A fire bat (D:6)
  A water moccasin (D:6)
  Duvessa (D:5)
  3 sky beasts
  An orc warrior (D:6)
  A hornet zombie (D:6)
  An ice beast (D:5)
  3 centaurs
  4 phantoms
  2 weeping skulls (D:6)
  A kobold brigand (D:4)
  A bullfrog (D:7)
  3 scorpions
  A water moccasin zombie (D:6)
  3 wights (D:6)
  Dowan (D:5)
  8 killer bees (D:7)
  2 howler monkeys (D:7)
  An electric eel (D:6)
  A bullfrog zombie (D:6)
  An orc priest (D:6)
  2 hounds
  2 jellies (D:6)
  A human zombie (D:6)
  6 iguanas
  2 orc wizards (D:6)
  A killer bee zombie (D:6)
  2 mummies (D:6)
  7 gnolls
  9 adders
  2 ufetubi (D:5)
  5 dart slugs (D:6)
  A ribbon worm (D:2)
  9 orcs
  9 ball pythons
  16 endoplasms
  2 giant cockroaches (D:2)
  5 goblins
  8 hobgoblins
  5 quokkas
  4 bats
  5 frilled lizards (D:1)
  12 kobolds
  5 rats
162 creatures vanquished.

Notes
Turn   | Place    | Note
-------+----------+-------------------------------------------
     0 | D:5      | GordonOverkill the Coglin Delver began the quest for the
                  | Orb.
     0 | D:5      | Reached XP level 1. HP: 18/18 MP: 1/1
     1 | D:6      | Noticed an orc warrior
     1 | D:6      | Noticed an orc wizard
     1 | D:6      | Noticed an orc priest
     1 | D:6      | Noticed an orc wizard
     5 | D:6      | Noticed a sky beast
    33 | D:5      | Noticed Duvessa
    34 | D:5      | Noticed Dowan
   100 | D:4      | Noticed an iguana
   119 | D:4      | Noticed a phantom
   239 | D:5      | Noticed an iguana
   239 | D:5      | Noticed a phantom
   256 | D:4      | Reached skill level 1 in Evocations
   338 | D:3      | Reached XP level 2. HP: 24/24 MP: 2/2
   585 | D:2      | Found a sacrificial altar of Ru.
   710 | D:1      | Reached XP level 3. HP: 29/29 MP: 3/3
   942 | D:1      | Found Xoloer's Jewellery Shop.
  1641 | D:2      | Reached XP level 4. HP: 35/35 MP: 4/4
  2114 | D:3      | Reached XP level 5. HP: 41/41 MP: 5/5
  3051 | D:4      | Found a sparkling altar of Nemelex Xobeh.
  3056 | D:4      | Found a hazy altar of Hepliaklqana.
  3057 | D:4      | Found a white marble altar of Elyvilon.
  3068 | D:4      | Reached skill level 5 in Axes
  3411 | D:4      | Reached XP level 6. HP: 31/47 MP: 6/6
  3657 | D:4      | HP: 2/47 [centaur/arrow (12)]
  3667 | D:4      | Reached XP level 7. HP: 32/52 MP: 7/7
  3896 | D:5      | Found a staircase to the Ecumenical Temple.
  4287 | Temple   | Entered the Ecumenical Temple
  4298 | Temple   | Became a worshipper of Trog the Wrathful
  4398 | D:5      | Killed Duvessa
  4399 | D:5      | Reached XP level 8. HP: 50/58 MP: 8/8
  4402 | D:5      | Killed Dowan
  4737 | D:5      | Found an opulent altar of Gozag.
  4801 | D:5      | Found an ornate altar of the Wu Jian Council.
  5239 | D:6      | Reached skill level 10 in Axes
  5476 | D:6      | Reached skill level 5 in Evocations
  5518 | D:6      | Reached XP level 9. HP: 37/63 MP: 9/9
  5690 | D:6      | Found a sacrificial altar of Ru.
  5897 | D:6      | Found a shimmering altar of Xom.
  5897 | D:6      | Noticed Grinder
  5931 | D:6      | Killed Grinder
  5931 | D:6      | Reached * piety under Trog
  5932 | D:6      | Reached skill level 5 in Fighting
  6741 | D:6      | Found a basalt altar of Yredelemnul.
  7195 | D:7      | Found a shimmering blue altar of Sif Muna.
  7412 | D:7      | Found Pikol's Assorted Antiques.
  7434 | D:7      | Reached skill level 10 in Evocations
  7442 | D:7      | Reached XP level 10. HP: 76/76 MP: 10/10
  7700 | D:7      | Noticed Joseph
  7711 | D:7      | Slain by Joseph

Illustrated notes

Levels and vault maps discovered:
D:1:      psy_arrival_statuary, layout_basic, serial_shops, nicolae_shop_trees,
          hangedman_decor_growths
D:2:      cheibrodos_helix_gallery, layout_basic, basic_altar
D:3:      layout_basic
D:4:      layout_basic, gammafunk_temple_overflow_forgotten,
          minmay_joined_circles
D:5:      layout_rooms, nicolae_gozag_cash_rules_everything_around_me,
          nicolae_wu_jian_immortal_techniques, minmay_temple_entry_glass,
          reono_crystal_passage, uniq_duvessa, uniq_pikel
D:6:      kennysheep_slugbush, layout_loops_ring,
          lemuel_mausoleum_altar_yredelemnul,
          mainiacjoe_overflow_concentric_impassable, regret_index_xom_of_box,
          uniq_grinder
D:7:      layout_loops_cross, nicolae_sif_muna_little_library, serial_shops,
          nicolae_shop_window_shopping, uniq_crazy_yiuf_cottage, uniq_joseph
Temple:   hellmonk_temple_flake

Skill      XL: |  1  2  3  4  5  6  7  8  9 |
---------------+----------------------------+-----
Evocations     | 1 3 6 10 | 10.0
Axes           | 3 4 5 7 8 10 | 10.8
Fighting       | 6 |  6.0
Dodging        | |  1.7
Stealth        | |  4.1

Action                     |  1- 3 |  4- 6 |  7- 9 | 10-12 || total
---------------------------+-------+-------+-------+-------++-------
  Melee: Hand axe          |   105 |    86 |   264 |    14 ||   469
         Short sword       |    44 |       |       |       ||    44
         Whip              |       |    82 |   261 |    15 ||   358
  Throw: Javelin           |       |       |     4 |       ||     4
 Invoke: Berserk           |       |       |     2 |     2 ||     4
  Evoke: Wand              |       |       |    12 |       ||    12
    Use: Scroll            |       |     3 |     4 |       ||     7
         Potion            |       |     1 |     1 |       ||     2
   Stab: Sleeping          |     1 |     1 |       |       ||     2
         Invisible         |       |       |     5 |       ||     5
 Armour: Leather armour    |    24 |       |       |       ||    24
         Chain mail        |    34 |    97 |   219 |       ||   350
         Plate armour      |       |       |    34 |    35 ||    69
  Dodge: Dodged            |    50 |    36 |    71 |     8 ||   165

Table legend: (Time is in decaauts)
 A = Elapsed time spent in this place.
 B = Non-inter-level travel time spent in this place.
 C = Inter-level travel time spent in this place.
 D = Time resting spent in this place.
 E = Time spent auto-exploring this place.
 F = Levels seen in this place.
 G = Mean time per level.
                   A        B        C        D        E       F      G
               +--------+--------+--------+--------+--------+-----+--------+
         Total |   7705 |   7469 |    236 |   2145 |   3903 |   8 |  963.1 |
       Dungeon |   7682 |   7456 |    226 |   2145 |   3903 |   7 | 1097.4 |
        Temple |     22 |     12 |     10 |      0 |      0 |   1 |   22.0 |
               +--------+--------+--------+--------+--------+-----+--------+

Top non-repeatable levels by time:
     D:6: 2092 daAuts
     D:4: 1420 daAuts
     D:5: 1190 daAuts
     D:3: 1002 daAuts
     D:1: 759 daAuts
     D:7: 625 daAuts
     D:2: 591 daAuts
  Temple: 22 daAuts
